 Dungeon Sprint DCSS version 0.28.0-43-g3370ac3207 (webtiles) character file.

Game seed: 13816503367701866804

24795 smarlow the Ninja (level 12, -6/70 HPs)
             Began as a Spriggan Enchanter on Mar 15, 2022.
             Was the Champion of Dithmenos.
             Shot with an arrow by a deep elf master archer (35 damage)
             ... in the Dungeon (Sprint I: "Red Sonja").
             The game lasted 00:14:56 (2581 turns).

smarlow the Ninja (Spriggan Enchanter)              Turns: 2581, Time: 00:14:56

Health: -6/70      AC:  5    Str:  4    XL:     12   Next: 83%
Magic:  27/33      EV: 26    Int: 17    God:    Dithmenos [******]
Gold:   1123       SH:  5    Dex: 22    Spells: 31/44 levels left

rFire   + . .      SeeInvis +   k - +1 short sword (distort)
rCold   . . .      Faith    .   (no shield)
rNeg    + . .      Spirit   .   l - +1 robe of the Cockroach {rN+ Will++ Dex+2}
rPois   +          Reflect  +   (helmet restricted)
rElec   .          Harm     .   t - +1 cloak {rPois}
rCorr   .          Rampage  .   (gloves unavailable)
Will    ++++.      NoTele   +   (boots unavailable) Stlth *********+
                                n - amulet of reflection
HPRegen 0.21/turn               q - ring of flight
MPRegen 0.23/turn               b - ring of protection from fire

@: attractive, flying, wreathed by umbra, very quick
A: very small, no large weapons, unfitting armour, see invisible, speed 3,
antennae 1, talons 1
a: Renounce Religion, Shadow Step, Shadow Form


You were in the Dungeon.
You worshipped Dithmenos.
Dithmenos was exalted by your worship.
You visited 1 branch You collected 2703 gold pieces.
You spent 1580 gold pieces at shops.

Inventory:

Hand Weapons
 a - a +1 dagger
 k - a +1 short sword of distortion (weapon)
Armour
 l - the +1 robe of the Cockroach (worn) {rN+ Will++ Dex+2}
   (You bought it in a shop in the Dungeon)

   Dex:       It affects your dexterity (+2).
   rN:        It protects you from negative energy.
   Will:      It greatly increases your willpower.
 t - a +1 cloak of poison resistance (worn)
Jewellery
 b - a ring of protection from fire (right hand)
 n - an amulet of reflection (around neck)
 q - a ring of flight (left hand)
 r - a +6 ring of strength
Wands
 h - a wand of digging (8)
 j - a wand of polymorph (5)
Scrolls
 i - 4 scrolls of blinking
 o - 2 scrolls of identify
 s - a scroll of brand weapon {unknown}
 u - a scroll of vulnerability {unknown}
Potions
 c - a potion of ambrosia
 d - 6 potions of curing
 e - 2 potions of heal wounds
 f - 2 potions of haste
 g - 2 potions of magic
 m - 2 potions of berserk rage
 p - a potion of attraction


   Skills:
 * Level 11.2 Fighting
 + Level 16.7 Short Blades
 + Level 9.8 Dodging
 O Level 27 Stealth
 * Level 16.6 Spellcasting
 * Level 5.0 Conjurations
 + Level 14.7 Hexes
 + Level 4.1 Earth Magic


You had 31 spell levels left.
You knew the following spells:

 Your Spells              Type           Power      Damage    Failure   Level
a - Ensorcelled Hibernat  Hex/Ice        78%        N/A       1%          2
b - Confusing Touch       Hex            59%        N/A       1%          3
c - Lehudib's Crystal Sp  Conj/Erth      14%        10d5      100%        8

Your spell library contained the following spells:

 Spells                   Type           Power      Damage    Failure   Level
 Dazzling Flash           Conj/Hex       94%        N/A       1%          3
 Tukima's Dance           Hex            59%        N/A       1%          3
 Fulminant Prism          Conj/Hex       23%        3d13      1%          4
 Silence                  Hex/Air        19%        N/A       6%          5
 Yara's Violent Unravell  Hex/Tmut       19%        3d9       6%          5
 Frozen Ramparts          Ice            28%        1d4       13%         3
 Iskenderun's Mystic Bla  Conj/Tloc      22%        2d6       16%         4
 Lee's Rapid Deconstruct  Erth           14%        3d10*     22%         5
 Ice Form                 Ice/Tmut       14%        N/A       41%         4
 Passage of Golubria      Tloc           14%        N/A       41%         4
 Summon Ice Beast         Ice/Summ       14%        N/A       41%         4


Dungeon Overview and Level Annotations

Branches:
Dungeon (1/1)

Altars:
Cheibriados
Dithmenos
Elyvilon
Fedhas
Gozag
Hepliaklqana
Kikubaaqudgha
Makhleb
Nemelex Xobeh
Okawaru
Qazlal
Ru
Sif Muna
Trog
Uskayaw
Vehumet
Wu Jian
Xom
Yredelemnul
Zin
The Shining One
Jiyva
Lugonu

Shops:
D **[(!??*?[(:!:?[(=:[([


Innate Abilities, Weirdness & Mutations

You are very small and have problems with some larger weapons.
You are too small for most types of armour.
You have supernaturally acute eyesight. (SInv)
You cover ground extremely quickly. (Speed+++)
You have a pair of small antennae on your head.
You have sharp toenails.


Message History

Found 81 gold pieces.
The deep elf master archer shouts!
The deep elf master archer is attracted toward you.
Casting: Ensorcelled Hibernation (safe; 1% risk of failure)
Confirm with . or Enter, or press ? or * to list all spells.
Aiming: Ensorcelled Hibernation (safe; 1% risk of failure)
Press: ? - help, Shift-Dir - straight line, f - deep elf master archer
Aim: a deep elf master archer, wearing a +0 leather armour and quivering arrows (umbra, chance to affect: 7%)
The deep elf master archer resists with almost no effort.
Your shadow mimicks your spell!
The deep elf master archer resists with almost no effort.
The deep elf master archer wields a +0 longbow.
The deep elf master archer shoots an arrow.
The arrow hits you!!
You emit a cloud of dark smoke.
The deep elf master archer shoots an arrow.
You reflect the arrow off an invisible shield around you!
The arrow hits the deep elf master archer!!!
The deep elf master archer is attracted toward you.
Casting: Ensorcelled Hibernation (safe; 1% risk of failure)
Confirm with . or Enter, or press ? or * to list all spells.
Aiming: Ensorcelled Hibernation (safe; 1% risk of failure)
Press: ? - help, Shift-Dir - straight line, f/p - deep elf master archer
Aim: a deep elf master archer, wielding a +0 longbow, wearing a +0 leather armour and quivering arrows (black smoke, heavily wounded, umbra, chance to affect: 7%)
The deep elf master archer resists with almost no effort.
Your shadow mimicks your spell!
The deep elf master archer resists with almost no effort.
The deep elf master archer shoots an arrow.
The arrow misses you.
The deep elf master archer shoots an arrow.
The arrow closely misses you.
Casting: Ensorcelled Hibernation (safe; 1% risk of failure)
Confirm with . or Enter, or press ? or * to list all spells.
Aiming: Ensorcelled Hibernation (safe; 1% risk of failure)
Press: ? - help, Shift-Dir - straight line, f/p - deep elf master archer
Aim: a deep elf master archer, wielding a +0 longbow, wearing a +0 leather armour and quivering arrows (black smoke, heavily wounded, umbra, chance to affect: 7%)
The deep elf master archer resists with almost no effort.
The deep elf master archer shoots an arrow.
The arrow hits you!!
Ouch! That really hurt!
You die...

###.#.≈..#.....§§..§..#
#.###..#.....§[..§..#
#.# +..##....§.....##
####+# ##'##..........#
#....# #≈≈≈##........##
§.#### #≈≈≈≈##))..(.##
### #≈≈≈≈≈######## ○ #
##≈≈≈≈#§≈§§≈#○..○
#'≈≈≈†§§@§≈○○☼°.
#$$$##≈≈#§§e§≈#○○°.
#$$$ ######'### ≈ #$$$
≈≈≈≈ #### ≈≈≈≈≈≈
.≈≈≈≈≈≈≈ $$$$$$≈≈
#########


You could see a deep elf master archer.

Vanquished Creatures
  the Lernaean hydra (D)
  A golden dragon (D)
  A shadow dragon (D)
  A fire giant (D)
  A lorocyproca (D)
  A deep elf annihilator (D)
  A mummy priest (D)
  A hydra (D)
  2 centaur warriors (D)
  Sonja (D)
  A deep troll (D)
  A lindwurm (D)
  7 shining eyes (D)
  An oklob plant (D)
  2 merfolk sirens (D)
  A gargoyle (D)
  4 demonic crawlers (D)
  7 unseen horrors (D)
  2 kobold demonologists (D)
  A hellwing (D)
  5 hornets (D)
  A slime creature (D)
  Sigmund (D)
  A yak (D)
  13 hogs (D)
  2 redbacks (D)
  7 floating eyes (D)
  7 necrophages (D)
  An ogre (D)
  8 jellies (D)
  Ijyb (D)
  2 ballistomycete spores (D)
87 creatures vanquished.

Vanquished Creatures (others)
  A gargoyle (D)
1 creature vanquished.

Grand Total: 88 creatures vanquished

Notes
Turn   | Place    | Note
-------+----------+-------------------------------------------
     0 | D        | smarlow the Spriggan Enchanter began the quest for the Orb.
     0 | D        | Reached XP level 1. HP: 9/9 MP: 5/5
     2 | D        | Noticed Ijyb
    14 | D        | Killed Ijyb
    15 | D        | Reached skill level 7 in Stealth
    15 | D        | Reached XP level 2. HP: 2/13 MP: 6/8
    60 | D        | Learned a level 2 spell: Ensorcelled Hibernation
   294 | D        | Noticed an ogre
   297 | D        | Killed an ogre
   298 | D        | Reached skill level 10 in Stealth
   298 | D        | Reached skill level 5 in Spellcasting
   298 | D        | Reached XP level 3. HP: 16/16 MP: 9/11
   298 | D        | Reached XP level 4. HP: 21/21 MP: 9/12
   324 | D        | Noticed Sigmund
   327 | D        | Killed Sigmund
   328 | D        | Reached skill level 14 in Stealth
   328 | D        | Reached XP level 5. HP: 24/24 MP: 14/14
   328 | D        | Reached XP level 6. HP: 28/28 MP: 15/15
   340 | D        | Found an ornate altar of the Wu Jian Council.
   340 | D        | Found a shimmering blue altar of Sif Muna.
   342 | D        | Found a radiant altar of Vehumet.
   372 | D        | Found Eghuh's Weapon Emporium.
   372 | D        | Found an ancient bone altar of Kikubaaqudgha.
   372 | D        | Found a hazy altar of Hepliaklqana.
   372 | D        | Found a hide-covered altar of Uskayaw.
   372 | D        | Found a basalt altar of Yredelemnul.
   372 | D        | Found an opulent altar of Gozag.
   372 | D        | Found a snail-covered altar of Cheibriados.
   372 | D        | Found a sacrificial altar of Ru.
   372 | D        | Found a shadowy altar of Dithmenos.
   372 | D        | Noticed a yak
   373 | D        | Found a stormy altar of Qazlal.
   373 | D        | Found a blossoming altar of Fedhas.
   373 | D        | Found a bloodstained altar of Trog.
   373 | D        | Found an iron altar of Okawaru.
   373 | D        | Found a glowing golden altar of the Shining One.
   373 | D        | Found a glowing silver altar of Zin.
   373 | D        | Found a white marble altar of Elyvilon.
   374 | D        | Killed a yak
   375 | D        | Reached skill level 16 in Stealth
   375 | D        | Found a sparkling altar of Nemelex Xobeh.
   381 | D        | Became a worshipper of Dithmenos the Shadowed
   403 | D        | Found a burning altar of Makhleb.
   403 | D        | Found a viscous altar of Jiyva.
   403 | D        | Found a shimmering altar of Xom.
   403 | D        | Found a corrupted altar of Lugonu.
   403 | D        | Noticed a slime creature
   406 | D        | Killed a slime creature
   407 | D        | Reached skill level 18 in Stealth
   407 | D        | Reached XP level 7. HP: 32/32 MP: 16/16
   531 | D        | Noticed Sonja
   535 | D        | Killed Sonja
   536 | D        | Reached skill level 10 in Short Blades
   536 | D        | Reached skill level 21 in Stealth
   536 | D        | Reached XP level 8. HP: 36/36 MP: 14/17
   785 | D        | Found Buclaly's Assorted Antiques.
   805 | D        | Noticed a deep troll
   809 | D        | Killed a deep troll
   809 | D        | Reached * piety under Dithmenos
   810 | D        | Reached skill level 22 in Stealth
   819 | D        | Found Kyiwk's Armour Emporium.
   826 | D        | Bought the +1 robe of the Cockroach {rN+ Will++ Dex+2} for
                  | 295 gold pieces
   856 | D        | Learned a level 3 spell: Confusing Touch
   878 | D        | Bought a blackened steel amulet for 105 gold pieces
   907 | D        | Noticed a kobold demonologist
   912 | D        | Killed a kobold demonologist
   913 | D        | Reached skill level 1 in Fighting
   914 | D        | Noticed a kobold demonologist
   916 | D        | Reached skill level 23 in Stealth
   916 | D        | Reached XP level 9. HP: 41/41 MP: 13/19
   917 | D        | Killed a kobold demonologist
   917 | D        | Reached ** piety under Dithmenos
   931 | D        | Noticed a centaur warrior
   933 | D        | Noticed a centaur warrior
   937 | D        | Killed a centaur warrior
   938 | D        | Reached skill level 24 in Stealth
   940 | D        | Killed a centaur warrior
   960 | D        | Noticed an oklob plant
   964 | D        | Banished an oklob plant
   965 | D        | Reached XP level 10. HP: 46/51 MP: 19/23
  1002 | D        | Reached *** piety under Dithmenos
  1003 | D        | Reached skill level 25 in Stealth
  1042 | D        | Reached **** piety under Dithmenos
  1043 | D        | Reached skill level 5 in Fighting
  1160 | D        | Reached ***** piety under Dithmenos
  1200 | D        | Reached skill level 10 in Hexes
  1255 | D        | Found Icitz's Assorted Antiques.
  1255 | D        | Found Robo's Magic Scroll Shop.
  1255 | D        | Found Vouganil's Magic Scroll Boutique.
  1257 | D        | Found Denar's Antique Armour Emporium.
  1257 | D        | Found Quagik's Weapon Shop.
  1257 | D        | Found Hapirph's Book Shoppe.
  1257 | D        | Found Bygah's Distillery.
  1257 | D        | Found Fuucreo's Book Emporium.
  1257 | D        | Found Ywatudgh's Magic Scroll Shop.
  1257 | D        | Found Ilataf's Armour Shoppe.
  1477 | D        | Bought a scroll of blinking for 75 gold pieces
  1477 | D        | Found Weaduulo's Antique Weapon Boutique.
  1478 | D        | Found Ludeer's Book Emporium.
  1478 | D        | Found Lyput's Jewellery Boutique.
  1479 | D        | Found Muusos's Antique Weapon Emporium.
  1481 | D        | Bought a potion of haste for 130 gold pieces
  1485 | D        | Bought a scroll of blinking for 75 gold pieces
  1489 | D        | Bought a ring of flight for 227 gold pieces
  1546 | D        | Reached ****** piety under Dithmenos
  1547 | D        | Reached skill level 26 in Stealth
  1547 | D        | Reached skill level 10 in Spellcasting
  1565 | D        | Noticed a lindwurm
  1567 | D        | Killed a lindwurm
  1587 | D        | Reached XP level 11. HP: 57/57 MP: 26/26
  1589 | D        | Reached skill level 27 in Stealth
  1604 | D        | Noticed a 12-headed hydra
  1606 | D        | Killed a 12-headed hydra
  1609 | D        | Reached skill level 15 in Short Blades
  1684 | D        | Bought a scroll of identify for 20 gold pieces
  1684 | D        | Bought a scroll of identify for 20 gold pieces
  1689 | D        | Bought a ring of protection from fire for 325 gold pieces
  1728 | D        | Noticed a shining eye
  1728 | D        | Noticed a shining eye
  1728 | D        | Noticed a shining eye
  1728 | D        | Noticed a shining eye
  1728 | D        | Noticed a shining eye
  1728 | D        | Noticed a shining eye
  1731 | D        | Noticed a shining eye
  1731 | D        | Noticed a shining eye
  1733 | D        | Killed a shining eye
  1736 | D        | Killed a shining eye
  1740 | D        | Killed a shining eye
  1743 | D        | Killed a shining eye
  1752 | D        | Killed a shining eye
  1753 | D        | Reached skill level 5 in Dodging
  1756 | D        | Killed a shining eye
  1761 | D        | Gained mutation: You occasionally shout uncontrollably at
                  | your foes. [a shining eye]
  1769 | D        | Banished a shining eye
  1770 | D        | Killed a shining eye
  1776 | D        | Found Xugio's Assorted Antiques.
  1776 | D        | Found Anlazxi's Distillery.
  1776 | D        | Found Pabuf's Armour Emporium.
  1776 | D        | Found Lasu's Magic Scroll Boutique.
  1965 | D        | Bought a potion of mutation for 88 gold pieces
  1965 | D        | Bought a potion of attraction for 33 gold pieces
  1965 | D        | Lost mutation: You occasionally shout uncontrollably at
                  | your foes. [potion of mutation]
  1965 | D        | Gained mutation: You have a pair of small antennae on your
                  | head. [potion of mutation]
  1965 | D        | Gained mutation: You have sharp toenails. [potion of
                  | mutation]
  2032 | D        | Noticed a shadow dragon
  2033 | D        | Noticed a golden dragon
  2037 | D        | Killed a shadow dragon
  2039 | D        | Killed a golden dragon
  2040 | D        | Reached XP level 12. HP: 67/67 MP: 29/31
  2052 | D        | Learned a level 8 spell: Lehudib's Crystal Spear
  2107 | D        | Found Osygewuwn's Antique Armour Shoppe.
  2125 | D        | Bought a glowing cloak for 187 gold pieces
  2188 | D        | Noticed a lorocyproca
  2193 | D        | Killed a lorocyproca
  2194 | D        | Reached skill level 15 in Spellcasting
  2194 | D        | Reached skill level 1 in Conjurations
  2194 | D        | Reached skill level 1 in Earth Magic
  2362 | D        | Noticed a daeva
  2369 | D        | Reached skill level 10 in Fighting
  2379 | D        | Noticed a fire giant
  2382 | D        | Noticed a fire giant
  2383 | D        | Noticed a fire giant
  2384 | D        | Noticed a fire giant
  2386 | D        | Killed a fire giant
  2544 | D        | Noticed a deep elf annihilator
  2546 | D        | Killed a deep elf annihilator
  2557 | D        | Noticed a mummy priest
  2558 | D        | Killed a mummy priest
  2573 | D        | Noticed the 27-headed Lernaean hydra
  2574 | D        | Killed the 27-headed Lernaean hydra
  2575 | D        | Reached skill level 5 in Conjurations
  2578 | D        | Noticed a deep elf master archer
  2581 | D        | Shot with an arrow by a deep elf master archer

Illustrated notes

Levels and vault maps discovered:
D:        dungeon_sprint_1 [red_sonja_temple_1, red_sonja_temple_small_1]

Skill      XL: |  1  2  3  4  5  6  7  8  9 10 11 12 |
---------------+-------------------------------------+-----
Short Blades   | 2 4 7 9 10 12 13 14 16 | 16.7
Stealth        | 7 10 14 18 21 23 24 26 27 | 27.0
Spellcasting   | 4 5 6 8 10 14 16 | 16.6
Hexes          | 4 6 9 11 13 14 | 14.7
Fighting       | 1 4 6 9 11 | 11.2
Dodging        | 7 9 |  9.8
Conjurations   | 5 |  5.0
Earth Magic    | 4 |  4.1

Action                   |  1- 3 |  4- 6 |  7- 9 | 10-12 || total
-------------------------+-------+-------+-------+-------++-------
Melee: Dagger            |    11 |     4 |     1 |       ||    16
       Short sword       |       |       |    14 |   110 ||   124
       Kick              |       |       |       |     2 ||     2
 Cast: Ensorcelled Hiber |       |       |     3 |    18 ||    21
       Confusing Touch   |       |       |       |     7 ||     7
  Use: Potion            |     1 |       |     1 |     2 ||     4
       Scroll            |       |       |       |     2 ||     2
 Stab: Sleeping          |     2 |     4 |     7 |    63 ||    76
       Invisible         |       |       |     2 |       ||     2
       Confused          |       |       |       |     6 ||     6
Armor: Robe              |     1 |       |       |     3 ||     4
Dodge: Dodged            |     3 |       |     1 |    18 ||    22
Block: Other             |       |       |       |     5 ||     5
       Reflection        |       |       |       |     1 ||     1
